Jets vs Canucks

Created - 26 avril 2020 at 07:00

Goals
1 2 3 T
Jets 2 2 0 4
Canucks 0 2 0 2
Shots
1 2 3 T
Jets 12 13 4 29
Canucks 7 8 11 26

1st period

1. Jets , Patrice Bergeron 4 (Tomas Tatar 7, Cam Atkinson 2) at 7:12
2. Jets , Jake Guentzel 2 (P.K. Subban 10, Mika Zibanejad 5) at 17:17 (PP)

Penalties :
Aaron Ekblad (VAN) for Interference (Minor) at 15:32

2nd period

3. Jets , Jake Muzzin 2 (Cam Atkinson 3, Patrice Bergeron 12) at 9:04 (PP)
4. Jets , Patrice Bergeron 5 (Cam Atkinson 4, P.K. Subban 11) at 10:00
5. Canucks , Ryan O'Reilly 9 (Alex Pietrangelo 10, Tomas Plekanec 2) at 10:39
6. Canucks , Ryan O'Reilly 10 (Patrick Kane 5, Ethan Bear 2) at 14:42

Penalties :
Aaron Ekblad (VAN) for Hooking (Minor) at 0:19, Alex Pietrangelo (VAN) for Hooking (Minor) at 7:55

3rd period

No Goal

Penalties :
Patrice Bergeron (WPG) for Hooking (Minor) at 9:26

Goalie Stats

Ben Bishop (WPG), 24 saves from 26 shots - (0,923), W, 10-7-1, 60:00 minutes
Carey Price (VAN), 25 saves from 29 shots - (0,862), L, 10-6-2, 60:00 minutes

Players Stats for Jets

Player Name              G  A  P  +/- PIM S  H  SB GA TA FO     MP     PP MP  PK MP  
------------------------------------------------------------------------------------
Bryan Rust               0  0  0  -1  0   2  1  0  0  0  0/0    12:25   0:00   0:44 
Cam Atkinson             0  3  3   1  0   1  0  0  0  0  0/0    20:22   1:58   0:00 
Carl Soderberg           0  0  0  -1  0   4  3  0  0  0  2/4    17:59   0:00   1:15 
Carter Rowney            0  0  0   0  0   0  0  0  0  0  0/0     1:12   0:00   0:00 
Derek MacKenzie          0  0  0   0  0   0  1  0  0  0  0/0     7:07   0:00   0:52 
Devon Toews              0  0  0   0  0   2  1  0  0  0  0/0    19:39   2:21   0:00 
Hampus Lindholm          0  0  0   0  0   1  3  2  0  0  0/0    23:49   2:21   1:05 
Jake Guentzel            1  0  1   0  0   3  0  0  0  0  0/1    19:43   2:55   0:00 
Jake Muzzin              1  0  1   0  0   2  4  2  0  0  0/0    18:53   2:32   0:54 
Jay Bouwmeester          0  0  0   1  0   0  2  1  0  0  0/0    19:04   0:00   0:54 
Kevin Rooney             0  0  0   0  0   1  0  0  0  0  4/8     6:59   0:00   0:44 
Mika Zibanejad           0  1  1   0  0   1  0  0  0  0  14/23  19:43   2:55   0:00 
Mikko Koivu              0  0  0  -1  0   1  2  0  0  0  10/16  14:36   2:55   0:00 
Nick Foligno             0  0  0   0  0   1  0  1  0  0  1/1    17:11   0:00   0:23 
P.K. Subban              0  2  2   0  0   1  3  3  0  0  0/0    24:00   2:32   1:05 
Patrice Bergeron         2  1  3   1  2   6  0  0  0  0  23/34  20:21   1:58   0:00 
Tomas Tatar              0  1  1   1  0   3  4  0  0  0  0/1    20:22   1:58   0:00 
Zach Bogosian            0  0  0  -1  0   0  0  0  0  0  0/0    14:35   0:00   0:00 

Players Stats for Canucks

Player Name              G  A  P  +/- PIM S  H  SB GA TA FO     MP     PP MP  PK MP  
------------------------------------------------------------------------------------
Aaron Ekblad             0  0  0  -1  4   1  1  1  0  0  0/0     9:07   0:00   0:00 
Alex Pietrangelo         0  1  1   0  2   0  2  2  0  0  0/0    26:36   0:56   2:24 
Anthony Duclair          0  0  0   1  0   0  1  0  0  0  0/1    11:51   0:56   0:00 
Blake Coleman            0  0  0   0  0   2  3  0  0  0  1/1    18:37   0:56   0:00 
Boone Jenner             0  0  0  -1  0   2  4  0  0  0  0/4    18:18   1:03   0:38 
Brady Tkachuk            0  0  0   0  0   1  0  0  0  0  0/0     3:58   0:00   0:00 
Brayden Point            0  0  0   0  0   3  0  0  0  0  9/24   19:37   1:03   0:00 
Dustin Brown             0  0  0   0  0   3  1  0  0  0  0/2    19:57   1:03   1:13 
Ethan Bear               0  1  1   1  0   0  2  2  0  0  0/0    17:32   0:00   2:29 
Jared McCann             0  0  0   0  0   2  0  1  0  0  4/9    10:10   0:00   1:13 
Morgan Rielly            0  0  0   0  0   1  1  2  0  0  0/0    25:02   0:56   2:07 
Nic Dowd                 0  0  0   0  0   1  1  0  0  0  0/0    11:59   0:00   3:02 
Patrick Kane             0  1  1  -1  0   1  0  0  0  0  1/3    17:19   0:56   0:00 
Ryan O'Reilly            2  0  2   0  0   4  1  1  0  0  9/23   22:48   1:03   0:00 
Tomas Plekanec           0  1  1   1  0   2  2  0  0  0  10/21  14:35   0:00   3:40 
Tyson Barrie             0  0  0  -1  0   1  0  3  0  0  0/0    26:47   1:03   2:46 
Vince Dunn               0  0  0   1  0   0  1  1  0  0  0/0    11:54   0:00   0:00 
William Nylander         0  0  0   0  0   2  0  0  0  0  0/0     8:57   0:00   0:00 

3 Stars

1 - Patrice Bergeron (WPG)
2 - Ryan O'Reilly (VAN)
3 - Cam Atkinson (WPG)

Power Play

Jets - 2 on 3 Attempt(s) - 67%
Canucks - 0 on 1 Attempt(s) - 0%

Penalty Kill

Jets - 1 on 1 Attempt(s) - 100% - Score 0 goal in Penalty Kill
Canucks - 1 on 3 Attempt(s) - 33% - Score 0 goal in Penalty Kill

Team Stat

Jets - Hits : 24 - Faceoff Wins : 54 - Blocked Shots : 9 - Penalty Minutes : 2
Canucks - Hits : 20 - Faceoff Wins : 34 - Blocked Shots : 13 - Penalty Minutes : 6

Official

Referees : Dennis LaRue and Chris Rooney
Linesman : Pierre Racicot and Ryan Gibbons

Game Notes

Brady Tkachuk is injured at 5:32 of 2nd period (Right Foot)
Aaron Ekblad is injured at 5:46 of 2nd period (Bruised Left Leg)

Finance

Level 1 -- Attendance: 6500 (100%) -- Ticket Income 715 000 $
Level 2 -- Attendance: 5000 (100%) -- Ticket Income 375 000 $
Level 3 -- Attendance: 3500 (100%) -- Ticket Income 192 500 $
Level 4 -- Attendance: 2910 (100%) -- Ticket Income 116 400 $
Luxury Box -- Attendance: 1000 (100%) -- Ticket Income 199 000 $
Game was played at the Rogers Arena.
Total Attendance: 18910 (100%)
Total Ticket Income: 1 597 900 $
Other Income: 782 971 $
Total Income: 2 380 871 $

% Time on Ice - Jets

Lines # - Real PCT - Wanted PCT - Time Play
Normal Forward
1 - 35% - 39% - 18:24
2 - 32% - 31% - 16:48
3 - 22% - 20% - 11:41
4 - 12% - 10% - 6:15
Normal Defense
1 - 38% - 40% - 20:23
2 - 29% - 30% - 15:27
3 - 27% - 20% - 14:35
4 - 5% - 10% - 2:43
PP Forward
1 - 40% - 60% - 1:58
2 - 60% - 40% - 2:55
PP Defense
1 - 52% - 60% - 2:32
2 - 48% - 40% - 2:21
PK Forward
1 - 63% - 60% - 1:15
2 - 37% - 40% - 0:44
PK Defense
1 - 55% - 60% - 1:05
2 - 45% - 40% - 0:54
PK3 Forward
1 - 0% - 60%
2 - 0% - 40%
PK3 Defense
1 - 0% - 60%
2 - 0% - 40%
44 Forward
1 - 0% - 60%
2 - 0% - 40%
44 Defense
1 - 0% - 60%
2 - 0% - 40%
Last Minute Offensive  - 0:00
Last Minute Defensive  - 0:00
Total
Forward - 60:00
Defense - 60:00

% Time on Ice - Canucks

Lines # - Real PCT - Wanted PCT - Time Play
Normal Forward
1 - 29% - 40% - 15:35
2 - 33% - 38% - 17:41
3 - 21% - 16% - 10:55
4 - 17% - 6% - 8:57
Normal Defense
1 - 38% - 42% - 20:16
2 - 43% - 42% - 22:53
3 - 17% - 16% - 9:11
4 - 2% - 0% - 0:48
PP Forward
1 - 53% - 50% - 1:03
2 - 47% - 50% - 0:56
PP Defense
1 - 47% - 50% - 0:56
2 - 53% - 50% - 1:03
PK Forward
1 - 75% - 60% - 3:40
2 - 25% - 40% - 1:13
PK Defense
1 - 57% - 50% - 2:46
2 - 43% - 50% - 2:07
PK3 Forward
1 - 0% - 50%
2 - 0% - 50%
PK3 Defense
1 - 0% - 60%
2 - 0% - 40%
44 Forward
1 - 0% - 50%
2 - 0% - 50%
44 Defense
1 - 0% - 50%
2 - 0% - 50%
Last Minute Offensive  - 0:00
Last Minute Defensive  - 0:00
Total
Forward - 60:00
Defense - 60:00

Play-by-Play

1st period


0:01 of 1st period - Patrice Bergeron wins face-off versus Ryan O'Reilly in neutral zone.
0:25 of 1st period - Icing by Hampus Lindholm.
0:26 of 1st period - Brayden Point wins face-off versus Patrice Bergeron in Jets zone.
0:55 of 1st period - Blake Coleman is hit by Hampus Lindholm and loses puck.
1:46 of 1st period - Icing by Aaron Ekblad.
1:47 of 1st period - Brayden Point wins face-off versus Mikko Koivu in Canucks zone.
2:07 of 1st period - Shot by Mikko Koivu.
2:07 of 1st period - Shot Misses the Net.
2:56 of 1st period - Shot by Nick Foligno.
2:56 of 1st period - Shot Blocked by Vince Dunn.
3:23 of 1st period - Patrice Bergeron is hit by Ethan Bear and loses puck.
3:38 of 1st period - Shot by Tomas Tatar.
3:38 of 1st period - Shot Misses the Net.
5:12 of 1st period - Shot by Aaron Ekblad.
5:12 of 1st period - Stopped by Ben Bishop without a rebound.
5:13 of 1st period - Brayden Point wins face-off versus Mika Zibanejad in Jets zone.
5:20 of 1st period - Shot by Jake Guentzel.
5:20 of 1st period - Stopped by Carey Price without a rebound.
5:21 of 1st period - Mika Zibanejad wins face-off versus Brayden Point in Canucks zone.
6:18 of 1st period - Icing by Jay Bouwmeester.
6:19 of 1st period - Patrice Bergeron wins face-off versus Ryan O'Reilly in Jets zone.
6:19 of 1st period - Patrice Bergeron is hit by Boone Jenner.
6:24 of 1st period - Jake Muzzin is hit by Morgan Rielly and loses puck.
6:39 of 1st period - Shot by Patrick Kane.
6:39 of 1st period - Stopped by Ben Bishop without a rebound.
6:40 of 1st period - Mikko Koivu wins face-off versus Tomas Plekanec in Jets zone.
6:49 of 1st period - Shot by Carl Soderberg.
6:49 of 1st period - Stopped by Carey Price without a rebound.
6:50 of 1st period - Patrice Bergeron wins face-off versus Ryan O'Reilly in Canucks zone.
6:53 of 1st period - Shot by Devon Toews.
6:53 of 1st period - Stopped by Carey Price without a rebound.
6:54 of 1st period - Patrice Bergeron wins face-off versus Boone Jenner in Canucks zone.
7:10 of 1st period - Shot by Patrice Bergeron.
7:10 of 1st period - Stopped by Carey Price with a rebound.
7:12 of 1st period - Shot by Patrice Bergeron.
7:12 of 1st period - Goal by Patrice Bergeron - Jets : 1 - Canucks : 0.
7:13 of 1st period - Mikko Koivu wins face-off versus Brayden Point in neutral zone.
8:21 of 1st period - Icing by Jake Muzzin.
8:22 of 1st period - Mika Zibanejad wins face-off versus Ryan O'Reilly in Jets zone.
8:36 of 1st period - Jake Guentzel is hit by Aaron Ekblad and loses puck.
8:55 of 1st period - Shot by Boone Jenner.
8:55 of 1st period - Shot Misses the Net.
9:12 of 1st period - Icing by Jake Muzzin.
9:13 of 1st period - Tomas Plekanec wins face-off versus Mika Zibanejad in Jets zone.
9:18 of 1st period - Shot by Tomas Plekanec.
9:18 of 1st period - Shot Blocked by Nick Foligno.
9:20 of 1st period - Shot by Brady Tkachuk.
9:20 of 1st period - Shot Misses the Net.
9:22 of 1st period - Shot by Tomas Plekanec.
9:22 of 1st period - Shot Misses the Net.
9:24 of 1st period - Shot by Tomas Plekanec.
9:24 of 1st period - Shot Blocked by Jake Muzzin.
9:26 of 1st period - Shot by Brady Tkachuk.
9:26 of 1st period - Stopped by Ben Bishop without a rebound.
9:27 of 1st period - Patrice Bergeron wins face-off versus Jared McCann in Jets zone.
9:32 of 1st period - Nic Dowd is hit by Tomas Tatar and loses puck.
10:05 of 1st period - Shot by Patrice Bergeron.
10:05 of 1st period - Stopped by Carey Price without a rebound.
10:06 of 1st period - Mikko Koivu wins face-off versus Ryan O'Reilly in Canucks zone.
10:42 of 1st period - Icing by Zach Bogosian.
10:43 of 1st period - Mikko Koivu wins face-off versus Dustin Brown in Jets zone.
11:06 of 1st period - Shot by Patrice Bergeron.
11:06 of 1st period - Stopped by Carey Price without a rebound.
11:07 of 1st period - Patrice Bergeron wins face-off versus Anthony Duclair in Canucks zone.
11:37 of 1st period - Shot by Tomas Plekanec.
11:37 of 1st period - Shot Blocked by Hampus Lindholm.
11:45 of 1st period - Shot by Brady Tkachuk.
11:45 of 1st period - Shot Blocked by P.K. Subban.
12:05 of 1st period - Icing by Tomas Tatar.
12:06 of 1st period - Patrice Bergeron wins face-off versus Brayden Point in Jets zone.
12:06 of 1st period - P.K. Subban is hit by Dustin Brown and loses puck.
12:13 of 1st period - Shot by Brayden Point.
12:13 of 1st period - Stopped by Ben Bishop without a rebound.
12:14 of 1st period - Patrick Kane wins face-off versus Mika Zibanejad in Jets zone.
12:18 of 1st period - Icing by Devon Toews.
12:19 of 1st period - Mika Zibanejad wins face-off versus Ryan O'Reilly in Jets zone.
12:40 of 1st period - Shot by Morgan Rielly.
12:40 of 1st period - Stopped by Ben Bishop without a rebound.
12:41 of 1st period - Kevin Rooney wins face-off versus Brayden Point in Jets zone.
12:54 of 1st period - Icing by Tyson Barrie.
12:55 of 1st period - Mika Zibanejad wins face-off versus Brayden Point in Canucks zone.
13:07 of 1st period - Off-side.
13:08 of 1st period - Ryan O'Reilly wins face-off versus Patrice Bergeron in neutral zone.
13:32 of 1st period - Shot by Boone Jenner.
13:32 of 1st period - Shot Blocked by P.K. Subban.
13:35 of 1st period - Icing by Hampus Lindholm.
13:36 of 1st period - Patrice Bergeron wins face-off versus Brayden Point in Jets zone.
14:15 of 1st period - Jake Muzzin is hit by Blake Coleman and loses puck.
14:36 of 1st period - Boone Jenner is hit by Jake Muzzin and loses puck.
14:40 of 1st period - Icing by Jake Muzzin.
14:41 of 1st period - Tomas Plekanec wins face-off versus Mika Zibanejad in Jets zone.
14:41 of 1st period - Tomas Plekanec is hit by Jake Muzzin.
14:51 of 1st period - Shot by Brady Tkachuk.
14:51 of 1st period - Shot Blocked by Jay Bouwmeester.
14:53 of 1st period - Shot by Ethan Bear.
14:53 of 1st period - Shot Misses the Net.
14:55 of 1st period - Shot by Vince Dunn.
14:55 of 1st period - Shot Misses the Net.
14:57 of 1st period - Shot by Vince Dunn.
14:57 of 1st period - Shot Misses the Net.
15:05 of 1st period - Shot by Brady Tkachuk.
15:05 of 1st period - Shot Misses the Net.
15:07 of 1st period - Shot by Tomas Plekanec.
15:07 of 1st period - Stopped by Ben Bishop without a rebound.
15:08 of 1st period - Mikko Koivu wins face-off versus Ryan O'Reilly in Jets zone.
15:08 of 1st period - Mikko Koivu is hit by Boone Jenner.
15:21 of 1st period - Icing by Morgan Rielly.
15:22 of 1st period - Ryan O'Reilly wins face-off versus Patrice Bergeron in Canucks zone.
15:32 of 1st period - Minor Penalty to Aaron Ekblad for Interference.
15:33 of 1st period - Tomas Plekanec wins face-off versus Patrice Bergeron in Canucks zone.
15:33 of 1st period - Tomas Plekanec is hit by Tomas Tatar.
16:33 of 1st period - Shot by Jake Muzzin.
16:33 of 1st period - Stopped by Carey Price without a rebound.
16:34 of 1st period - Mika Zibanejad wins face-off versus Jared McCann in Canucks zone.
16:37 of 1st period - Shot by Mikko Koivu.
16:37 of 1st period - Shot Misses the Net.
16:43 of 1st period - Shot by Jake Muzzin.
16:43 of 1st period - Shot Misses the Net.
16:45 of 1st period - Shot by P.K. Subban.
16:45 of 1st period - Stopped by Carey Price without a rebound.
16:46 of 1st period - Tomas Plekanec wins face-off versus Mika Zibanejad in Canucks zone.
17:17 of 1st period - Shot by P.K. Subban.
17:17 of 1st period - Deflect By Jake Guentzel.
17:17 of 1st period - Goal by Jake Guentzel - Jets : 2 - Canucks : 0.
17:18 of 1st period - Patrice Bergeron wins face-off versus Dustin Brown in neutral zone.
17:44 of 1st period - Shot by Dustin Brown.
17:44 of 1st period - Deflect By Blake Coleman.
17:44 of 1st period - Stopped by Ben Bishop without a rebound.
17:45 of 1st period - Ryan O'Reilly wins face-off versus Kevin Rooney in Jets zone.
17:53 of 1st period - Icing by Kevin Rooney.
17:54 of 1st period - Kevin Rooney wins face-off versus Ryan O'Reilly in Jets zone.
17:54 of 1st period - Kevin Rooney is hit by Boone Jenner.
18:25 of 1st period - Shot by Patrick Kane.
18:25 of 1st period - Deflect By Boone Jenner.
18:25 of 1st period - Shot Misses the Net.
18:51 of 1st period - Shot by Tomas Tatar.
18:51 of 1st period - Shot Misses the Net.
19:02 of 1st period - Patrice Bergeron is hit by Alex Pietrangelo and loses puck.
19:05 of 1st period - Shot by Patrice Bergeron.
19:05 of 1st period - Deflect By Tomas Tatar.
19:05 of 1st period - Shot Blocked by Tyson Barrie.
19:07 of 1st period - Shot by Patrice Bergeron.
19:07 of 1st period - Shot Blocked by Tyson Barrie.
19:09 of 1st period - Shot by Jay Bouwmeester.
19:09 of 1st period - Shot Misses the Net.
19:13 of 1st period - Shot by Tomas Tatar.
19:13 of 1st period - Shot Misses the Net.
19:15 of 1st period - Shot by Jay Bouwmeester.
19:15 of 1st period - Deflect By Patrice Bergeron.
19:15 of 1st period - Stopped by Carey Price without a rebound.
19:16 of 1st period - Mika Zibanejad wins face-off versus Brayden Point in Canucks zone.
19:53 of 1st period - Shot by Jake Guentzel.
19:53 of 1st period - Shot Blocked by Morgan Rielly.
19:55 of 1st period - Shot by Devon Toews.
19:55 of 1st period - Stopped by Carey Price without a rebound.
19:56 of 1st period - Mikko Koivu wins face-off versus Tomas Plekanec in Canucks zone.
Goals for this period are 2 for Jets vs 0 for Canucks.
Shots for this period are 12 for Jets vs 7 for Canucks.

2nd period


0:01 of 2nd period - Brayden Point wins face-off versus Mikko Koivu in neutral zone.
0:19 of 2nd period - Minor Penalty to Aaron Ekblad for Hooking.
0:20 of 2nd period - Tomas Plekanec wins face-off versus Patrice Bergeron in Canucks zone.
0:35 of 2nd period - Off-side.
0:36 of 2nd period - Mikko Koivu wins face-off versus Tomas Plekanec in neutral zone.
0:45 of 2nd period - Shot by Mikko Koivu.
0:45 of 2nd period - Shot Misses the Net.
0:47 of 2nd period - Shot by Mikko Koivu.
0:47 of 2nd period - Shot Misses the Net.
0:51 of 2nd period - Shot by Jake Muzzin.
0:51 of 2nd period - Shot Blocked by Alex Pietrangelo.
1:55 of 2nd period - Shot by Hampus Lindholm.
1:55 of 2nd period - Stopped by Carey Price without a rebound.
1:56 of 2nd period - Mika Zibanejad wins face-off versus Jared McCann in Canucks zone.
2:24 of 2nd period - Icing by Boone Jenner.
2:25 of 2nd period - Ryan O'Reilly wins face-off versus Kevin Rooney in Canucks zone.
2:51 of 2nd period - Ryan O'Reilly is hit by Devon Toews.
3:20 of 2nd period - Morgan Rielly is hit by Carl Soderberg and loses puck.
3:47 of 2nd period - Icing by Tyson Barrie.
3:48 of 2nd period - Patrice Bergeron wins face-off versus Brayden Point in Canucks zone.
3:49 of 2nd period - Shot by Cam Atkinson.
3:49 of 2nd period - Stopped by Carey Price without a rebound.
3:50 of 2nd period - Patrice Bergeron wins face-off versus Tomas Plekanec in Canucks zone.
3:56 of 2nd period - Icing by Tyson Barrie.
3:57 of 2nd period - Patrice Bergeron wins face-off versus Tomas Plekanec in Canucks zone.
4:08 of 2nd period - Shot by Tomas Tatar.
4:08 of 2nd period - Stopped by Carey Price without a rebound.
4:09 of 2nd period - Brayden Point wins face-off versus Mika Zibanejad in Canucks zone.
4:42 of 2nd period - Blake Coleman is hit by P.K. Subban and loses puck.
5:31 of 2nd period - Brady Tkachuk is hit by P.K. Subban and loses puck.
5:32 of 2nd period - Brady Tkachuk from Canucks is injured at 5:32 of 2nd period (Right Foot).
5:33 of 2nd period - Patrice Bergeron wins face-off versus Ryan O'Reilly in Jets zone.
5:44 of 2nd period - Shot by Tomas Tatar.
5:44 of 2nd period - Shot Misses the Net.
5:46 of 2nd period - Shot by Jake Muzzin.
5:46 of 2nd period - Shot Blocked by Aaron Ekblad.
5:46 of 2nd period - Aaron Ekblad from Canucks is injured at 5:46 of 2nd period (Bruised Left Leg).
5:47 of 2nd period - Jared McCann wins face-off versus Mikko Koivu in Canucks zone.
5:51 of 2nd period - Icing by Alex Pietrangelo.
5:52 of 2nd period - Patrice Bergeron wins face-off versus Jared McCann in Canucks zone.
6:04 of 2nd period - William Nylander is hit by Tomas Tatar and loses puck.
6:08 of 2nd period - Alex Pietrangelo is hit by Jay Bouwmeester and loses puck.
6:14 of 2nd period - Nic Dowd is hit by Jake Muzzin and loses puck.
6:17 of 2nd period - Shot by Nic Dowd.
6:17 of 2nd period - Stopped by Ben Bishop without a rebound.
6:18 of 2nd period - Mikko Koivu wins face-off versus Brayden Point in Jets zone.
6:18 of 2nd period - Mikko Koivu is hit by Blake Coleman.
6:32 of 2nd period - Shot by Bryan Rust.
6:32 of 2nd period - Stopped by Carey Price with a rebound.
6:40 of 2nd period - Shot by Dustin Brown.
6:40 of 2nd period - Stopped by Ben Bishop with a rebound.
6:46 of 2nd period - Shot by Blake Coleman.
6:46 of 2nd period - Shot Misses the Net.
6:58 of 2nd period - Shot by Mikko Koivu.
6:58 of 2nd period - Stopped by Carey Price without a rebound.
6:59 of 2nd period - Ryan O'Reilly wins face-off versus Tomas Tatar in Canucks zone.
6:59 of 2nd period - Ryan O'Reilly is hit by Tomas Tatar.
7:02 of 2nd period - Icing by Tyson Barrie.
7:03 of 2nd period - Patrice Bergeron wins face-off versus Ryan O'Reilly in Canucks zone.
7:30 of 2nd period - Shot by Ryan O'Reilly.
7:30 of 2nd period - Shot Blocked by Jake Muzzin.
7:32 of 2nd period - Shot by Boone Jenner.
7:32 of 2nd period - Stopped by Ben Bishop without a rebound.
7:33 of 2nd period - Mika Zibanejad wins face-off versus Brayden Point in Jets zone.
7:33 of 2nd period - P.K. Subban is hit by Blake Coleman and loses puck.
7:55 of 2nd period - Minor Penalty to Alex Pietrangelo for Hooking.
7:56 of 2nd period - Tomas Plekanec wins face-off versus Patrice Bergeron in Canucks zone.
8:06 of 2nd period - Off-side.
8:07 of 2nd period - Mika Zibanejad wins face-off versus Tomas Plekanec in neutral zone.
8:15 of 2nd period - Mika Zibanejad is hit by Tomas Plekanec and loses puck.
8:40 of 2nd period - Shot by Mika Zibanejad.
8:40 of 2nd period - Shot Blocked by Ethan Bear.
8:42 of 2nd period - Shot by Jake Guentzel.
8:42 of 2nd period - Shot Misses the Net.
8:44 of 2nd period - Shot by Mikko Koivu.
8:44 of 2nd period - Shot Blocked by Morgan Rielly.
9:02 of 2nd period - Shot by Cam Atkinson.
9:02 of 2nd period - Shot Misses the Net.
9:04 of 2nd period - Shot by Jake Muzzin.
9:04 of 2nd period - Goal by Jake Muzzin - Jets : 3 - Canucks : 0.
9:05 of 2nd period - Ryan O'Reilly wins face-off versus Carl Soderberg in neutral zone.
9:21 of 2nd period - Alex Pietrangelo is hit by Carl Soderberg and loses puck.
9:32 of 2nd period - Shot by Carl Soderberg.
9:32 of 2nd period - Stopped by Carey Price with a rebound.
9:58 of 2nd period - Shot by Cam Atkinson.
9:58 of 2nd period - Shot Misses the Net.
10:00 of 2nd period - Shot by Patrice Bergeron.
10:00 of 2nd period - Goal by Patrice Bergeron - Jets : 4 - Canucks : 0.
10:01 of 2nd period - Mika Zibanejad wins face-off versus Brayden Point in neutral zone.
10:33 of 2nd period - Shot by Jake Guentzel.
10:33 of 2nd period - Stopped by Carey Price without a rebound.
10:34 of 2nd period - Tomas Plekanec wins face-off versus Patrice Bergeron in Canucks zone.
10:39 of 2nd period - Shot by Ryan O'Reilly.
10:39 of 2nd period - Goal by Ryan O'Reilly - Jets : 4 - Canucks : 1.
10:40 of 2nd period - Patrice Bergeron wins face-off versus Tomas Plekanec in neutral zone.
10:40 of 2nd period - Cam Atkinson is hit by Ryan O'Reilly and loses puck.
10:58 of 2nd period - Patrice Bergeron is hit by Alex Pietrangelo and loses puck.
11:13 of 2nd period - Shot by Patrice Bergeron.
11:13 of 2nd period - Deflect By Tomas Tatar.
11:13 of 2nd period - Stopped by Carey Price without a rebound.
11:14 of 2nd period - Brayden Point wins face-off versus Mikko Koivu in Canucks zone.
11:14 of 2nd period - Brayden Point is hit by Mikko Koivu.
11:46 of 2nd period - Shot by Carl Soderberg.
11:46 of 2nd period - Stopped by Carey Price without a rebound.
11:47 of 2nd period - Jared McCann wins face-off versus Jake Guentzel in Canucks zone.
11:49 of 2nd period - Icing by Tyson Barrie.
11:50 of 2nd period - Patrice Bergeron wins face-off versus Jared McCann in Canucks zone.
12:27 of 2nd period - Shot by Jared McCann.
12:27 of 2nd period - Shot Misses the Net.
12:59 of 2nd period - Shot by Ryan O'Reilly.
12:59 of 2nd period - Shot Blocked by Hampus Lindholm.
13:14 of 2nd period - Icing by P.K. Subban.
13:15 of 2nd period - Brayden Point wins face-off versus Patrice Bergeron in Jets zone.
14:10 of 2nd period - Shot by Jake Guentzel.
14:10 of 2nd period - Shot Misses the Net.
14:34 of 2nd period - Shot by Carl Soderberg.
14:34 of 2nd period - Shot Blocked by Ryan O'Reilly.
14:42 of 2nd period - Shot by Ryan O'Reilly.
14:42 of 2nd period - Goal by Ryan O'Reilly - Jets : 4 - Canucks : 2.
14:43 of 2nd period - Kevin Rooney wins face-off versus Tomas Plekanec in neutral zone.
14:46 of 2nd period - Shot by Carl Soderberg.
14:46 of 2nd period - Stopped by Carey Price with a rebound.
14:57 of 2nd period - Icing by Ethan Bear.
14:58 of 2nd period - Mika Zibanejad wins face-off versus Tomas Plekanec in Canucks zone.
15:54 of 2nd period - Off-side.
15:55 of 2nd period - Brayden Point wins face-off versus Mikko Koivu in neutral zone.
16:25 of 2nd period - Shot by Hampus Lindholm.
16:25 of 2nd period - Shot Misses the Net.
16:27 of 2nd period - Shot by Bryan Rust.
16:27 of 2nd period - Stopped by Carey Price without a rebound.
16:28 of 2nd period - Ryan O'Reilly wins face-off versus Patrice Bergeron in Canucks zone.
16:35 of 2nd period - Icing by Ethan Bear.
16:36 of 2nd period - Ryan O'Reilly wins face-off versus Patrice Bergeron in Canucks zone.
16:45 of 2nd period - Shot by Patrick Kane.
16:45 of 2nd period - Deflect By Ryan O'Reilly.
16:45 of 2nd period - Stopped by Ben Bishop without a rebound.
16:46 of 2nd period - Tomas Plekanec wins face-off versus Mikko Koivu in Jets zone.
17:05 of 2nd period - Shot by Ryan O'Reilly.
17:05 of 2nd period - Shot Misses the Net.
17:47 of 2nd period - Shot by Brayden Point.
17:47 of 2nd period - Stopped by Ben Bishop with a rebound.
17:49 of 2nd period - Shot by Blake Coleman.
17:49 of 2nd period - Stopped by Ben Bishop without a rebound.
17:50 of 2nd period - Jared McCann wins face-off versus Mika Zibanejad in Jets zone.
19:33 of 2nd period - Icing by Devon Toews.
19:34 of 2nd period - Tomas Plekanec wins face-off versus Mika Zibanejad in Jets zone.
Goals for this period are 2 for Jets vs 2 for Canucks.
Shots for this period are 13 for Jets vs 8 for Canucks.

3rd period


0:01 of 3rd period - Patrice Bergeron wins face-off versus Ryan O'Reilly in neutral zone.
0:04 of 3rd period - Shot by Tomas Tatar.
0:04 of 3rd period - Stopped by Carey Price without a rebound.
0:05 of 3rd period - Patrice Bergeron wins face-off versus Boone Jenner in Canucks zone.
0:18 of 3rd period - Hampus Lindholm is hit by Boone Jenner and loses puck.
0:43 of 3rd period - Shot by Ryan O'Reilly.
0:43 of 3rd period - Shot Misses the Net.
0:45 of 3rd period - Shot by Boone Jenner.
0:45 of 3rd period - Stopped by Ben Bishop without a rebound.
0:46 of 3rd period - Carl Soderberg wins face-off versus Brayden Point in Jets zone.
1:24 of 3rd period - Shot by Brayden Point.
1:24 of 3rd period - Stopped by Ben Bishop without a rebound.
1:25 of 3rd period - Mika Zibanejad wins face-off versus Tomas Plekanec in Jets zone.
1:25 of 3rd period - Mika Zibanejad is hit by Anthony Duclair.
1:45 of 3rd period - Mika Zibanejad is hit by Tomas Plekanec and loses puck.
2:34 of 3rd period - Shot by Jared McCann.
2:34 of 3rd period - Stopped by Ben Bishop without a rebound.
2:35 of 3rd period - Brayden Point wins face-off versus Patrice Bergeron in Jets zone.
2:36 of 3rd period - Shot by Dustin Brown.
2:36 of 3rd period - Stopped by Ben Bishop with a rebound.
2:38 of 3rd period - Shot by Dustin Brown.
2:38 of 3rd period - Shot Blocked by P.K. Subban.
2:40 of 3rd period - Shot by Blake Coleman.
2:40 of 3rd period - Shot Misses the Net.
2:46 of 3rd period - Shot by Brayden Point.
2:46 of 3rd period - Shot Misses the Net.
2:52 of 3rd period - Shot by Dustin Brown.
2:52 of 3rd period - Stopped by Ben Bishop without a rebound.
2:53 of 3rd period - Ryan O'Reilly wins face-off versus Carl Soderberg in Jets zone.
3:04 of 3rd period - Shot by Ryan O'Reilly.
3:04 of 3rd period - Stopped by Ben Bishop without a rebound.
3:05 of 3rd period - Patrice Bergeron wins face-off versus Brayden Point in Jets zone.
3:29 of 3rd period - Shot by Alex Pietrangelo.
3:29 of 3rd period - Shot Misses the Net.
4:06 of 3rd period - Shot by Carl Soderberg.
4:06 of 3rd period - Shot Misses the Net.
4:17 of 3rd period - Icing by Jake Muzzin.
4:18 of 3rd period - Mikko Koivu wins face-off versus Ryan O'Reilly in Jets zone.
4:43 of 3rd period - Shot by Mikko Koivu.
4:43 of 3rd period - Shot Misses the Net.
5:29 of 3rd period - Brayden Point is hit by Mikko Koivu and loses puck.
6:07 of 3rd period - Shot by William Nylander.
6:07 of 3rd period - Stopped by Ben Bishop without a rebound.
6:08 of 3rd period - Nick Foligno wins face-off versus Boone Jenner in Jets zone.
6:44 of 3rd period - Shot by Mika Zibanejad.
6:44 of 3rd period - Shot Misses the Net.
6:46 of 3rd period - Shot by Nick Foligno.
6:46 of 3rd period - Shot Blocked by Alex Pietrangelo.
6:59 of 3rd period - Patrick Kane is hit by Hampus Lindholm.
8:27 of 3rd period - Icing by Carter Rowney.
8:28 of 3rd period - Kevin Rooney wins face-off versus Patrick Kane in Jets zone.
8:42 of 3rd period - Icing by Zach Bogosian.
8:43 of 3rd period - Jared McCann wins face-off versus Kevin Rooney in Jets zone.
9:01 of 3rd period - Shot by William Nylander.
9:01 of 3rd period - Stopped by Ben Bishop without a rebound.
9:02 of 3rd period - Tomas Plekanec wins face-off versus Mika Zibanejad in Jets zone.
9:02 of 3rd period - Morgan Rielly is hit by P.K. Subban and loses puck.
9:09 of 3rd period - Shot by Tomas Plekanec.
9:09 of 3rd period - Stopped by Ben Bishop without a rebound.
9:10 of 3rd period - Patrice Bergeron wins face-off versus Ryan O'Reilly in Jets zone.
9:18 of 3rd period - Off-side.
9:19 of 3rd period - Patrice Bergeron wins face-off versus Boone Jenner in neutral zone.
9:26 of 3rd period - Minor Penalty to Patrice Bergeron for Hooking.
9:27 of 3rd period - Carl Soderberg wins face-off versus Ryan O'Reilly in Jets zone.
9:37 of 3rd period - Boone Jenner is hit by Derek MacKenzie and loses puck.
9:54 of 3rd period - Shot by Tyson Barrie.
9:54 of 3rd period - Stopped by Ben Bishop with a rebound.
9:56 of 3rd period - Shot by Tyson Barrie.
9:56 of 3rd period - Shot Misses the Net.
10:21 of 3rd period - Icing by Blake Coleman.
10:22 of 3rd period - Blake Coleman wins face-off versus Kevin Rooney in Canucks zone.
11:42 of 3rd period - Shot by Jared McCann.
11:42 of 3rd period - Stopped by Ben Bishop without a rebound.
11:43 of 3rd period - Mika Zibanejad wins face-off versus Tomas Plekanec in Jets zone.
12:22 of 3rd period - Mika Zibanejad is hit by Ethan Bear and loses puck.
12:37 of 3rd period - Shot by Jared McCann.
12:37 of 3rd period - Shot Misses the Net.
12:42 of 3rd period - Tomas Tatar is hit by Vince Dunn and loses puck.
12:55 of 3rd period - Shot by Tomas Tatar.
12:55 of 3rd period - Shot Misses the Net.
12:57 of 3rd period - Shot by Patrice Bergeron.
12:57 of 3rd period - Shot Misses the Net.
13:09 of 3rd period - Shot by Patrice Bergeron.
13:09 of 3rd period - Shot Blocked by Ethan Bear.
13:19 of 3rd period - Carl Soderberg is hit by Nic Dowd.
13:23 of 3rd period - Shot by Mikko Koivu.
13:23 of 3rd period - Shot Misses the Net.
13:30 of 3rd period - Nic Dowd is hit by Jake Muzzin and loses puck.
13:58 of 3rd period - Brayden Point is hit by Jay Bouwmeester and loses puck.
14:10 of 3rd period - Icing by Tyson Barrie.
14:11 of 3rd period - Mika Zibanejad wins face-off versus Brayden Point in Canucks zone.
14:26 of 3rd period - Shot by Nick Foligno.
14:26 of 3rd period - Stopped by Carey Price with a rebound.
14:28 of 3rd period - Shot by Mika Zibanejad.
14:28 of 3rd period - Stopped by Carey Price with a rebound.
15:36 of 3rd period - Ryan O'Reilly is hit by Hampus Lindholm and loses puck.
15:45 of 3rd period - Shot by Patrick Kane.
15:45 of 3rd period - Shot Misses the Net.
15:47 of 3rd period - Shot by Ryan O'Reilly.
15:47 of 3rd period - Shot Misses the Net.
16:06 of 3rd period - Off-side.
16:07 of 3rd period - Mikko Koivu wins face-off versus Patrick Kane in neutral zone.
16:12 of 3rd period - Morgan Rielly is hit by Bryan Rust and loses puck.
16:25 of 3rd period - Shot by Carl Soderberg.
16:25 of 3rd period - Deflect By Mikko Koivu.
16:25 of 3rd period - Shot Misses the Net.
17:53 of 3rd period - Shot by Kevin Rooney.
17:53 of 3rd period - Stopped by Carey Price without a rebound.
17:54 of 3rd period - Patrice Bergeron wins face-off versus Brayden Point in Canucks zone.
19:00 of 3rd period - Nic Dowd is hit by Carl Soderberg and loses puck.
19:33 of 3rd period - Shot by Nick Foligno.
19:33 of 3rd period - Shot Blocked by Tyson Barrie.
19:57 of 3rd period - Shot by Jake Guentzel.
19:57 of 3rd period - Shot Blocked by Jared McCann.
Goals for this period are 0 for Jets vs 0 for Canucks.
Shots for this period are 4 for Jets vs 11 for Canucks.